[ PARTIDA AOE2 · #507243106 ]
UnrankedTeutones vs Malians
Equipo del jugador · VICT
Equipo rival · DERR
[ ANÁLISIS DE REPETICIÓN · EXTRAÍDO DE LA PARTIDA GRABADA ]
Feudal
9:41
Castillos
23:11
Imperial
—
| APM promedio | 55.7 |
| APM pico | 79 |
| eAPM promedio | 24.9 |
| Aldeanos / militares | 54 / 33 |
Foco
⚔️ 43.9% · 🌾 56.1%
Fishing Ship ×16 · Knight ×14 · Skirmisher ×12 · Scout Cavalry ×4 · Spearman ×3
Feudal
9:25
Castillos
22:15
Imperial
—
| APM promedio | 118.4 |
| APM pico | 212 |
| eAPM promedio | 57.7 |
| Aldeanos / militares | 60 / 32 |
Foco
⚔️ 73.4% · 🌾 26.6%
Archer ×19 · Fishing Ship ×18 · Camel Scout ×5 · Militia ×3 · Knight ×2 · Mangonel ×1
Mapa de la partida
Recursos iniciales + cada clic de construcción. Líneas = muros · curvas = relieve. ◆ oro · ⬟ piedra · ● bayas · ✦ reliquia · ◌ hueco del cierre
Tu base· Abierta — el rival se encerró
Base de NOC | Mati· ✓ Cerrada en 22:15 · 42t muro · sin puerta
Terreno inicial suavizado · ◌ = hueco del cierre detectado · pasá el cursor para detalles
Inputs por minuto
— Oni.DauT - - NOC | Mati
Build order — Oni.DauT
Primeras 150 de 168 acciones detectadas
| 0:00 | Crear | Villager (Male) ×4 |
| 0:02 | Construir | House |
| 0:03 | Construir | House |
| 1:31 | Crear | Villager (Male) |
| 1:53 | Construir | Lumber Camp |
| 1:58 | Crear | Villager (Male) |
| 2:17 | Crear | Villager (Male) |
| 2:34 | Crear | Villager (Male) |
| 2:34 | Crear | Villager (Male) |
| 2:57 | Crear | Villager (Male) |
| 3:28 | Crear | Villager (Male) |
| 3:33 | Construir | House |
| 3:59 | Crear | Villager (Male) |
| 4:17 | Construir | Dock |
| 4:18 | Crear | Villager (Male) |
| 4:25 | Construir | Palisade Wall |
| 4:34 | Crear | Villager (Male) |
| 4:42 | Construir | Palisade Wall |
| 5:02 | Crear | Fishing Ship |
| 5:05 | Crear | Villager (Male) |
| 5:16 | Construir | House |
| 5:29 | Construir | Palisade Wall |
| 5:48 | Crear | Villager (Male) |
| 5:48 | Crear | Villager (Male) |
| 6:09 | Crear | Fishing Ship |
| 6:16 | Crear | Villager (Male) |
| 6:34 | Crear | Villager (Male) |
| 6:56 | Crear | Fishing Ship |
| 7:00 | Construir | House |
| 7:06 | Investigar | Loom |
| 7:23 | Investigar | Feudal Age |
| 7:49 | Crear | Fishing Ship |
| 8:25 | Construir | Mining Camp |
| 8:50 | Construir | House |
| 8:58 | Construir | Palisade Wall |
| 9:01 | Construir | Palisade Wall |
| 9:03 | Construir | Palisade Wall |
| 9:14 | Crear | Villager (Male) |
| 9:41 | Edad | Edad Feudal |
| 9:52 | Construir | Watch Tower |
| 9:59 | Crear | Villager (Male) |
| 10:02 | Investigar | Double-Bit Axe |
| 10:17 | Crear | Villager (Male) |
| 10:29 | Investigar | Town Watch |
| 10:42 | Construir | Barracks |
| 10:45 | Crear | Villager (Male) |
| 10:58 | Crear | Villager (Male) |
| 11:06 | Construir | Watch Tower |
| 11:14 | Crear | Villager (Male) |
| 11:34 | Construir | House |
| 11:36 | Crear | Villager (Male) |
| 11:36 | Crear | Spearman |
| 11:51 | Crear | Spearman |
| 12:06 | Crear | Spearman |
| 12:09 | Construir | Archery Range |
| 12:12 | Crear | Villager (Male) |
| 12:34 | Crear | Villager (Male) |
| 12:38 | Crear | Villager (Male) |
| 12:46 | Construir | Watch Tower |
| 12:56 | Crear | Skirmisher |
| 12:56 | Crear | Skirmisher |
| 13:11 | Crear | Villager (Male) |
| 13:22 | Crear | Fishing Ship |
| 13:39 | Crear | Villager (Male) |
| 13:43 | Construir | Blacksmith |
| 13:52 | Crear | Villager (Male) |
| 13:56 | Crear | Skirmisher |
| 13:58 | Construir | House |
| 14:09 | Construir | Dock |
| 14:21 | Investigar | Fletching |
| 14:21 | Investigar | Fletching |
| 14:22 | Crear | Villager (Male) |
| 14:43 | Crear | Skirmisher |
| 14:45 | Construir | House |
| 14:53 | Crear | Villager (Male) |
| 15:11 | Crear | Fishing Ship |
| 15:11 | Crear | Fishing Ship |
| 15:16 | Crear | Villager (Male) |
| 15:19 | Construir | Mill |
| 15:38 | Crear | Skirmisher |
| 15:50 | Crear | Skirmisher |
| 16:05 | Crear | Fishing Ship |
| 16:06 | Crear | Fishing Ship |
| 16:09 | Construir | House |
| 16:22 | Crear | Villager (Male) |
| 16:32 | Crear | Villager (Male) |
| 16:36 | Construir | Mining Camp |
| 16:40 | Construir | Dock |
| 16:44 | Crear | Fishing Ship |
| 16:55 | Construir | House |
| 16:59 | Crear | Villager (Male) |
| 17:04 | Crear | Skirmisher |
| 17:08 | Crear | Fishing Ship |
| 17:23 | Crear | Villager (Male) |
| 17:25 | Construir | House |
| 17:25 | Construir | House |
| 17:26 | Crear | Fishing Ship |
| 17:27 | Crear | Villager (Male) |
| 17:43 | Crear | Skirmisher |
| 17:43 | Crear | Skirmisher |
| 17:58 | Crear | Villager (Male) |
| 18:03 | Crear | Skirmisher |
| 18:18 | Crear | Villager (Male) |
| 18:18 | Crear | Fishing Ship |
| 18:21 | Crear | Skirmisher |
| 18:49 | Construir | Market |
| 19:04 | Crear | Villager (Male) |
| 19:32 | Construir | Stable |
| 19:34 | Crear | Villager (Male) |
| 19:36 | Construir | Lumber Camp |
| 19:47 | Construir | Watch Tower |
| 20:12 | Construir | House |
| 20:12 | Construir | House |
| 20:31 | Investigar | Castle Age |
| 20:34 | Investigar | Tech 906 |
| 20:50 | Crear | Scout Cavalry |
| 20:54 | Construir | Stable |
| 21:17 | Crear | Scout Cavalry |
| 21:19 | Construir | House |
| 21:20 | Crear | Fishing Ship |
| 21:28 | Crear | Skirmisher |
| 21:32 | Investigar | Scale Barding Armor |
| 21:49 | Investigar | Bloodlines |
| 21:51 | Construir | Stable |
| 21:54 | Crear | Scout Cavalry |
| 22:11 | Crear | Scout Cavalry |
| 22:28 | Construir | Watch Tower |
| 22:35 | Construir | Watch Tower |
| 22:52 | Construir | House |
| 22:55 | Crear | Fishing Ship |
| 22:55 | Crear | Fishing Ship |
| 23:11 | Edad | Edad de los Castillos |
| 23:12 | Crear | Villager (Male) |
| 23:13 | Crear | Knight |
| 23:18 | Crear | Knight |
| 23:28 | Crear | Villager (Male) |
| 23:41 | Crear | Villager (Male) |
| 24:06 | Crear | Villager (Male) |
| 24:11 | Investigar | Bodkin Arrow |
| 24:17 | Crear | Knight |
| 24:17 | Crear | Knight |
| 24:23 | Crear | Villager (Male) |
| 24:54 | Crear | Villager (Male) |
| 25:10 | Crear | Villager (Male) |
| 25:15 | Investigar | Gold Mining |
| 25:23 | Construir | Mining Camp |
| 25:25 | Crear | Knight |
| 26:12 | Crear | Knight |
| 26:13 | Crear | Villager (Male) |
| 26:17 | Crear | Knight |
Build order — NOC | Mati
Primeras 150 de 190 acciones detectadas
| 0:00 | Crear | Villager (Male) ×4 |
| 0:02 | Construir | House |
| 0:03 | Construir | House |
| 1:28 | Construir | Lumber Camp |
| 1:39 | Crear | Villager (Male) |
| 1:55 | Crear | Villager (Male) |
| 2:23 | Crear | Villager (Male) |
| 2:43 | Crear | Villager (Male) |
| 3:07 | Crear | Villager (Male) |
| 3:07 | Crear | Villager (Male) |
| 3:28 | Construir | House |
| 3:28 | Construir | Palisade Wall |
| 3:39 | Crear | Villager (Male) |
| 3:42 | Construir | Dock |
| 4:03 | Crear | Villager (Male) |
| 4:18 | Construir | House |
| 4:27 | Crear | Villager (Male) |
| 4:52 | Crear | Villager (Male) |
| 4:54 | Crear | Fishing Ship |
| 5:19 | Crear | Villager (Male) |
| 5:24 | Crear | Fishing Ship |
| 5:39 | Crear | Villager (Male) |
| 5:51 | Crear | Villager (Male) |
| 6:04 | Investigar | Loom |
| 6:15 | Crear | Fishing Ship |
| 7:12 | Construir | Barracks |
| 7:15 | Investigar | Feudal Age |
| 7:39 | Construir | Mining Camp |
| 7:48 | Construir | Palisade Wall |
| 7:54 | Crear | Fishing Ship |
| 8:01 | Crear | Villager (Male) |
| 8:14 | Construir | Palisade Wall |
| 8:18 | Crear | Militia |
| 8:18 | Crear | Militia |
| 8:30 | Construir | House |
| 8:30 | Construir | House |
| 8:34 | Crear | Villager (Male) |
| 8:41 | Crear | Militia |
| 8:46 | Construir | Palisade Wall |
| 9:25 | Edad | Edad Feudal |
| 9:28 | Investigar | Man-at-Arms (upgrade) |
| 9:33 | Crear | Fishing Ship |
| 9:34 | Crear | Villager (Male) |
| 9:56 | Crear | Villager (Male) |
| 10:25 | Construir | House |
| 10:25 | Construir | House |
| 10:31 | Construir | Palisade Wall |
| 10:34 | Construir | Lumber Camp |
| 10:35 | Crear | Villager (Male) |
| 10:40 | Construir | House |
| 10:45 | Crear | Villager (Male) |
| 11:10 | Construir | Palisade Wall |
| 11:18 | Crear | Villager (Male) |
| 11:37 | Crear | Villager (Male) |
| 11:50 | Construir | Archery Range |
| 12:05 | Crear | Villager (Male) |
| 12:12 | Construir | House |
| 12:18 | Construir | House |
| 12:20 | Construir | House |
| 12:24 | Construir | Stone Wall |
| 12:24 | Construir | Stone Wall |
| 12:33 | Crear | Archer |
| 12:37 | Construir | Mining Camp |
| 12:38 | Crear | Villager (Male) |
| 12:57 | Crear | Villager (Male) |
| 13:10 | Construir | Watch Tower |
| 13:15 | Crear | Archer |
| 13:16 | Crear | Villager (Male) |
| 13:24 | Crear | Archer |
| 13:32 | Crear | Villager (Male) |
| 13:35 | Crear | Archer |
| 13:41 | Construir | Blacksmith |
| 13:43 | Construir | Palisade Wall |
| 13:43 | Construir | Palisade Wall |
| 13:53 | Crear | Villager (Male) |
| 13:54 | Crear | Archer |
| 14:03 | Construir | Stone Wall |
| 14:04 | Construir | Stone Wall |
| 14:04 | Construir | Stone Wall |
| 14:06 | Construir | House |
| 14:10 | Construir | Stone Wall |
| 14:13 | Crear | Villager (Male) |
| 14:20 | Crear | Villager (Male) |
| 14:24 | Crear | Archer |
| 14:25 | Investigar | Fletching |
| 14:36 | Construir | House |
| 14:47 | Crear | Villager (Male) |
| 14:53 | Crear | Villager (Male) |
| 15:09 | Investigar | Double-Bit Axe |
| 15:18 | Crear | Archer |
| 15:33 | Crear | Archer |
| 15:37 | Crear | Archer |
| 15:41 | Construir | Dock |
| 15:52 | Crear | Villager (Male) |
| 15:58 | Crear | Villager (Male) |
| 16:14 | Construir | Dock |
| 16:31 | Construir | Mill |
| 16:40 | Crear | Fishing Ship |
| 16:40 | Crear | Fishing Ship |
| 17:01 | Construir | House |
| 17:03 | Crear | Archer |
| 17:14 | Crear | Villager (Male) |
| 17:31 | Construir | House |
| 17:33 | Crear | Fishing Ship |
| 17:44 | Crear | Villager (Male) |
| 18:10 | Construir | Market |
| 18:14 | Crear | Villager (Male) |
| 18:17 | Construir | House |
| 18:19 | Construir | Palisade Wall |
| 18:23 | Construir | House |
| 18:25 | Construir | Outpost |
| 18:33 | Crear | Villager (Male) |
| 18:35 | Crear | Fishing Ship |
| 18:55 | Construir | Palisade Wall |
| 19:35 | Investigar | Castle Age |
| 19:39 | Construir | Stable |
| 19:57 | Construir | Watch Tower |
| 20:00 | Crear | Archer |
| 20:00 | Crear | Archer |
| 20:00 | Crear | Archer |
| 20:08 | Construir | House |
| 20:50 | Construir | Dock |
| 20:57 | Crear | Scout Cavalry |
| 21:09 | Crear | Villager (Male) |
| 21:42 | Crear | Fishing Ship |
| 21:42 | Crear | Fishing Ship |
| 21:43 | Construir | House |
| 21:45 | Crear | Archer |
| 21:49 | Construir | House |
| 21:51 | Construir | House |
| 21:53 | Investigar | Double-Bit Axe |
| 22:15 | Edad | Edad de los Castillos |
| 22:19 | Investigar | Bodkin Arrow |
| 22:24 | Crear | Knight |
| 22:30 | Construir | House |
| 22:32 | Construir | Outpost |
| 22:33 | Crear | Fishing Ship |
| 22:34 | Crear | Fishing Ship |
| 22:36 | Construir | House |
| 22:36 | Construir | Outpost |
| 22:51 | Investigar | Crossbowman (upgrade) |
| 22:52 | Crear | Villager (Male) |
| 23:14 | Crear | Knight |
| 23:29 | Crear | Archer |
| 23:29 | Crear | Archer |
| 23:34 | Crear | Fishing Ship |
| 23:49 | Construir | Siege Workshop |
| 23:51 | Construir | Town Center |
| 24:03 | Crear | Camel Scout |
| 24:05 | Crear | Villager (Male) |
Cronología de la partida
| 3:28 | NOC | Mati · wall_segment Palisade Wall x1 |
| 3:42 | NOC | Mati · first_building Dock |
| 4:17 | Oni.DauT · first_building Dock |
| 4:25 | Oni.DauT · wall_segment Palisade Wall x1 |
| 4:42 | Oni.DauT · wall_segment Palisade Wall x1 |
| 5:29 | Oni.DauT · wall_segment Palisade Wall x1 |
| 7:12 | NOC | Mati · first_building Barracks |
| 7:48 | NOC | Mati · wall_segment Palisade Wall x3 |
| 8:14 | NOC | Mati · wall_segment Palisade Wall x10 |
| 8:46 | NOC | Mati · wall_segment Palisade Wall x9 |
| 8:58 | Oni.DauT · wall_segment Palisade Wall x1 |
| 9:01 | Oni.DauT · wall_segment Palisade Wall x1 |
| 9:03 | Oni.DauT · wall_segment Palisade Wall x1 |
| 9:25 | NOC | Mati · age_up feudal |
| 9:41 | Oni.DauT · age_up feudal |
| 10:31 | NOC | Mati · wall_segment Palisade Wall x4 |
| 10:42 | Oni.DauT · first_building Barracks |
| 11:10 | NOC | Mati · wall_segment Palisade Wall x5 |
| 11:50 | NOC | Mati · first_building Archery Range |
| 12:09 | Oni.DauT · first_building Archery Range |
| 12:24 | NOC | Mati · wall_segment Stone Wall x1 |
| 12:24 | NOC | Mati · wall_segment Stone Wall x2 |
| 13:43 | NOC | Mati · wall_segment Palisade Wall x1 |
| 13:43 | NOC | Mati · wall_segment Palisade Wall x1 |
| 14:03 | NOC | Mati · wall_segment Stone Wall x2 |
| 14:04 | NOC | Mati · wall_segment Stone Wall x1 |
| 14:04 | NOC | Mati · wall_segment Stone Wall x1 |
| 14:10 | NOC | Mati · wall_segment Stone Wall x1 |
| 18:19 | NOC | Mati · wall_segment Palisade Wall x1 |
| 18:55 | NOC | Mati · wall_segment Palisade Wall x1 |
| 18:56 | NOC | Mati · first_market_buy 100 food |
| 19:09 | NOC | Mati · first_market_sell 100 wood |
| 19:32 | Oni.DauT · first_building Stable |
| 19:39 | NOC | Mati · first_building Stable |
| 20:11 | Oni.DauT · first_market_buy 100 food |
| 22:15 | NOC | Mati · age_up castle |
| 23:11 | Oni.DauT · age_up castle |
| 23:40 | Oni.DauT · first_market_sell 100 wood |
| 23:49 | NOC | Mati · first_building Siege Workshop |
| 27:25 | Oni.DauT · wall_segment Palisade Wall x1 |
| 27:32 | Oni.DauT · wall_segment Palisade Wall x1 |
| 27:57 | NOC | Mati · resign |
[ ANÁLISIS IA · 1 CRÉDITO ]
¿Qué pasó realmente en esta partida?
Wolo.gg analiza cada decisión: build order, eco, micro, errores típicos por bracket. Análisis personalizado por WhatsApp o Discord en 30 segundos.
Guía civ
Teutones
Perfil
DauT